 Dungeon Crawl Stone Soup version 0.30-a0-166-g5d06c95188 (webtiles) character file.

Game seed: 12110913243690648326

18256 qw the Cleaver (level 12, -4/77 HPs)
             Began as a Gargoyle Fighter on Sept 29, 2022.
             Was an Elder of Okawaru.
             Killed from afar by an oklob plant (13 damage)
             ... with a splash of acid
             ... on level 2 of the Lair of Beasts.
             The game lasted 00:05:22 (12788 turns).

qw the Cleaver (Gargoyle Fighter)                  Turns: 12788, Time: 00:05:23

Health: -4/77      AC: 32    Str: 28    XL:     12   Next: 56%
Magic:  18/19      EV: 14    Int: 10    God:    Okawaru [****..]
Gold:   451        SH: 11    Dex:  9    Spells: 11/11 levels left

rFire   + + .      SeeInvis +    Y - +1 war axe (drain)
rCold   . . .      Faith    .    c - +0 buckler
rNeg    + + .      Spirit   .    a - +0 plate armour
rPois   inf        Reflect  +    u - +2 hat
rElec   +          Harm     .    r - +0 cloak
rCorr   .          Rampage  .    j - +2 pair of gloves
Will    .....                    m - +2 pair of boots
Stlth   ..........               b - amulet of reflection
HPRegen 0.22/turn                n - +4 ring of evasion
MPRegen 0.16/turn                g - ring of Ytuaf {rF++ rN+ Str+4 SInv}

@: about to teleport, heroic, corroded, very slow
A: sickness immunity, AC +8, negative energy resistance 1, electricity
resistance, torment resistance 1, petrification resistance
a: Renounce Religion, Heroism, Finesse


You were on level 2 of the Lair of Beasts.
You worshipped Okawaru.
Okawaru was greatly pleased with you.
You visited 3 branches of the dungeon, and saw 13 of its levels.

You collected 841 gold pieces.
You spent 390 gold pieces at shops.


Innate Abilities, Weirdness & Mutations

You are immune to sickness and miasma.
Your stone body is resilient. (AC +8)
You are immune to poison.
You resist negative energy. (rN+)
You are resistant to electric shocks. (rElec)
You are resistant to unholy torment.
You are immune to petrification.


   Skills:
 - Level 10.0(15.0) Fighting
 + Level 12.7(17.7) Axes
 - Level 3.0(8.0) Throwing
 - Level 9.0(14.0) Armour
 - Level 2.4(7.4) Dodging
 - Level 6.2(11.2) Shields
 - Level 10.0 Invocations


You had 11 spell levels left.
You didn't know any spells.
Your spell library was empty.

Inventory:

Hand Weapons
 B - a +0 demon whip of venom
 Y - a +1 war axe of draining (weapon)
Missiles
 i - 8 boomerangs (quivered)
 v - a javelin
Armour
 a - a +0 plate armour (worn)
 c - a +0 buckler (worn)
 j - a +2 pair of gloves (worn)
 m - a +2 pair of boots (worn)
 r - a +0 cloak (worn)
 u - a +2 hat (worn)
 x - +0 acid dragon scales
Jewellery
 b - an amulet of reflection (around neck)
 g - the ring of Ytuaf (right hand) {rF++ rN+ Str+4 SInv}
   (You acquired it on level 2 of the Dungeon)

   [ring of see invisible]

   Str:       It affects your strength (+4).
   rF:        It greatly protects you from fire.
   rN:        It protects you from negative energy.
   SInv:      It lets you see invisible.
 h - a +4 ring of slaying {mikee}
 n - a +4 ring of evasion (left hand)
 o - a ring of protection from fire
 y - a ring of resist corrosion
Scrolls
 q - 6 scrolls of identify
 t - 4 scrolls of teleportation
Potions
 d - 2 potions of might
 e - 6 potions of mutation
 f - a potion of magic
 k - a potion of cancellation
 l - a potion of heal wounds
 p - 4 potions of haste
 s - 4 potions of attraction
 w - 2 potions of lignification
 z - a potion of resistance
 A - 2 potions of curing

Dungeon Overview and Level Annotations

Branches:
Dungeon (10/15)            Temple (1/1) D:4            Lair (2/5) D:10
    Orc (0/2) D:9
  Swamp: Lair:2-3    Shoals: Lair:2-3     Snake: Lair:2-3    Spider: Lair:2-3

Altars:
Ashenzari
Cheibriados
Dithmenos
Elyvilon
Fedhas
Gozag
Hepliaklqana
Kikubaaqudgha
Makhleb
Nemelex Xobeh
Okawaru
Qazlal
Ru
Sif Muna
Trog
Uskayaw
Vehumet
Wu Jian
Xom
Yredelemnul
Zin
The Shining One

Shops:
D:9 (

Annotations:
D:4 1 runed translucent door, 2 transporters, qw's ghost, amateur GrFi
D:6 1 runed translucent door, Crazy Yiuf


Message History

Done exploring.
(D) Dungeon (T) Temple (L) Lair (O) Orcish Mines
Where to? (* - list waypoints, Enter - Lair:2, ? - help)
What level of the Lair of Beasts? (default 1, ? - help)
You climb downwards.
There is a stone staircase leading up here.
The oklob plant spits acid at you. The splash of acid misses you.
You enter the shallow water.
Moving in this stuff is going to be slow.
You feel like a meek peon again.
v - a javelin The oklob plant spits acid at you.
The splash of acid hits you!
12779 ||| INVOKING Heroism.
You gain the combat prowess of a mighty hero.
The oklob plant spits acid at you. The splash of acid hits you!
The oklob plant spits acid at you. The splash of acid hits you!
A basilisk comes into view.
The basilisk hisses angrily.
The oklob plant spits acid at you. The splash of acid misses you.
The oklob plant spits acid at you.
The splash of acid reflects off an invisible shield around you!
The splash of acid hits the oklob plant.
The oklob plant completely resists.
The basilisk gazes at you. You resist with some effort.
The oklob plant spits acid at you. The splash of acid hits you.
The oklob plant spits acid at you. The splash of acid hits you!!
The acid corrodes you!
12788 ||| READING 5 scrolls of teleportation.
As you read the scroll of teleportation, it crumbles to dust.
You feel strangely unstable. The oklob plant spits acid at you.
The splash of acid hits you!
You die...

~~~~~..#.#.....
~~~~~..........
#~~~~~.l.~.~.~.
~~##~~~~~~~~~~~~
~~~~~~~~~~~~~~~~~~~#
#~~~P(~~~~~~~##~~~~#
#~~~?P~~~~~~~##~~~~#
~~~~~~~ #~@~~~~~~~~#
#
#~~~~~##~~~~~~~~~~#
.####
#~~~~~~~~~~~~~~~~###
....#
#####~~~~~~~~~~~~#.#
....#
##.~...~...~.~.#
...)###
#.............##
##)%%.##
#..............#
#...>.#
##...#...#..#.###
##...##
#.....#....#....#


You could see 2 oklob plants and a basilisk.

Vanquished Creatures
  2 hydras
  A two-headed ogre (D:9)
  Amaemon (Lair:2)
  Pikel (D:7)
  An orange demon (Lair:2)
  A black mamba (Lair:1)
  3 cane toads
  A gargoyle (D:9)
  A komodo dragon (Lair:2)
  2 rime drakes (Lair:2)
  A kobold demonologist (D:9)
  A queen bee (Lair:2)
  5 blink frogs (Lair:2)
  A vampire (D:10)
  5 wyverns
  2 shadows
  A basilisk (D:10)
  17 yaks
  A steam dragon (D:9)
  Edmund (D:6)
  An acid dragon (D:10)
  11 water moccasins
  3 orc warriors
  A black bear (D:7)
  An ice beast (D:5)
  3 centaurs (D:10)
  10 wolves (Lair:2)
  3 ogres
  A lemure (D:7)
  3 phantoms
  2 kobold brigands
  Blork the orc (D:6)
  5 bullfrogs
  A bullfrog (shapeshifter) (D:8)
  A gnoll sergeant (D:9)
  A wyvern zombie (D:7)
  2 scorpions
  A wight (D:7)
  40 killer bees
  2 howler monkeys
  4 lava snakes (D:8)
  3 hounds
  A gnoll bouda (D:8)
  4 orc priests
  6 iguanas
  A jelly (D:8)
  8 orc wizards
  2 howler monkey zombies (D:7)
  11 adders
  10 gnolls
  2 river rats
  4 white imps
  2 ufetubi (D:4)
  A dart slug (D:4)
  55 orcs
  8 ball pythons
  4 endoplasms
  4 giant cockroaches
  4 goblins
  8 hobgoblins
  13 jackals
  14 kobolds
  A quokka (D:3)
  8 bats
  5 frilled lizards
  7 rats
332 creatures vanquished.

Vanquished Creatures (others)
  8 fungi
  20 plants
  2 withered plants (D:4)
30 creatures vanquished.

Grand Total: 362 creatures vanquished

Notes
Turn   | Place    | Note
-------+----------+-------------------------------------------
     0 | D:1      | qw the Gargoyle Fighter began the quest for the Orb.
     0 | D:1      | Reached XP level 1. HP: 14/14 MP: 1/1
     0 | D:1      | 0 ||| qw: Version: 0.2-a-12-gaebbb33
     0 | D:1      | 0 ||| qw: Game counter: 1058
     0 | D:1      | 0 ||| qw: Always use a shield: true
     0 | D:1      | 0 ||| qw: God list: Okawaru
     0 | D:1      | 0 ||| qw: Allow faded altars: false
     0 | D:1      | 0 ||| qw: Do Orc after D:15 true
     0 | D:1      | 0 ||| qw: Do second Lair branch before Depths: true
     0 | D:1      | 0 ||| qw: Lair rune preference: random
     0 | D:1      | 0 ||| qw: Plans: Normal, Zot:1-4, God:TSO, Crypt, Tomb,
                  | Pan, Slime:5, Hells, Abyss, Orb
     0 | D:1      | 0 ||| PLANNING D:1-11
     6 | D:1      | 6 ||| Stepping ~*~*~tactically~*~*~ (water).
    10 | D:1      | Reached skill level 2 in Axes
   385 | D:1      | Found a faded altar of an unknown god.
   407 | D:1      | Reached XP level 2. HP: 12/19 MP: 2/2
   431 | D:1      | Reached skill level 3 in Axes
   431 | D:1      | Reached XP level 3. HP: 9/23 MP: 3/3
   505 | D:1      | 505 ||| Stepping ~*~*~tactically~*~*~ (stealth).
   551 | D:1      | 551 ||| Stepping ~*~*~tactically~*~*~ (stealth).
   553 | D:1      | 553 ||| Stepping ~*~*~tactically~*~*~ (stealth).
   629 | D:1      | 629 ||| DROPPING +0 club.
   772 | D:1      | 772 ||| Stepping ~*~*~tactically~*~*~ (stealth).
  1335 | D:1      | 1335 ||| UPGRADING to +2 pair of gloves.
  1340 | D:1      | 1340 ||| UPGRADING to +0 pair of boots.
  1345 | D:1      | 1345 ||| UPGRADING to amulet of regeneration.
  1350 | D:1      | 1350 ||| UPGRADING to +4 ring of evasion.
  1351 | D:1      | 1351 ||| READING scroll labelled RYDATO GUG HEJ.
  1352 | D:1      | 1352 ||| READING scroll labelled JIEROD IFOC.
  1353 | D:1      | 1353 ||| READING scroll labelled RUKOGU MEWOA.
  1354 | D:1      | 1354 ||| READING scroll labelled MUNATU KUMEQIAD.
  1504 | D:2      | 1504 ||| Stepping ~*~*~tactically~*~*~ (stealth).
  1525 | D:2      | Reached XP level 4. HP: 28/28 MP: 4/4
  1559 | D:2      | 1559 ||| Stepping ~*~*~tactically~*~*~ (stealth).
  1560 | D:2      | 1560 ||| Stepping ~*~*~tactically~*~*~ (stealth).
  1574 | D:2      | Reached skill level 4 in Axes
  1758 | D:2      | 1758 ||| Stepping ~*~*~tactically~*~*~ (stealth).
  1968 | D:2      | 1968 ||| DROPPING amulet of magic regeneration.
  1969 | D:2      | 1969 ||| READING scroll labelled KOILEU LUINK.
  1970 | D:2      | 1970 ||| READING scroll labelled ZOXKIAVVAD.
  1974 | D:2      | 1974 ||| READING scroll labelled LAEMUF REHOYHI.
  1974 | D:2      | Identified a scroll of acquirement
  1974 | D:2      | 1974 ||| ACQUIRING ring of Ytuaf {rF++ rN+ Str+4 SInv}
  1974 | D:2      | Acquired the ring of Ytuaf {rF++ rN+ Str+4 SInv}
  1976 | D:2      | 1976 ||| UPGRADING to ring of Ytuaf {rF++ rN+ Str+4 SInv}.
  2008 | D:3      | 2008 ||| PLANNING SEWER
  2260 | D:3      | 2260 ||| Stepping ~*~*~tactically~*~*~ (stealth).
  2266 | D:3      | Reached XP level 5. HP: 32/32 MP: 5/5
  2683 | D:3      | 2683 ||| Stepping ~*~*~tactically~*~*~ (stealth).
  2700 | D:3      | 2700 ||| RIP SEWER
  2706 | D:3      | 2706 ||| PLANNING D:1-11
  2707 | D:3      | 2707 ||| Stepping ~*~*~tactically~*~*~ (water).
  2763 | D:3      | 2763 ||| UPGRADING to +0 cloak.
  2768 | D:3      | 2768 ||| READING scroll labelled EHUENY NENIWKY.
  2769 | D:3      | 2769 ||| READING scroll labelled GIEXAN SUMOKA.
  2770 | D:3      | 2770 ||| DRINKING 2 grey potions.
  2771 | D:3      | 2771 ||| DRINKING 2 bubbling silvery potions.
  2772 | D:3      | 2772 ||| READING 3 scrolls of identify.
  2772 | D:3      | 2772 ||| IDENTIFYING smoky grey potion
  2773 | D:3      | 2773 ||| READING 2 scrolls of identify.
  2773 | D:3      | 2773 ||| IDENTIFYING orange potion
  2827 | D:4      | 2827 ||| READING scroll of brand weapon.
  2827 | D:4      | 2827 ||| BRANDING +0 war axe of freezing.
  2845 | D:4      | Reached skill level 5 in Axes
  2878 | D:4      | 2878 ||| Stepping ~*~*~tactically~*~*~ (stealth).
  2882 | D:4      | 2882 ||| Stepping ~*~*~tactically~*~*~ (stealth).
  2987 | D:4      | Noticed a kobold brigand
  2990 | D:4      | Reached skill level 1 in Dodging
  3007 | D:4      | Killed a kobold brigand
  3008 | D:4      | Reached XP level 6. HP: 37/38 MP: 6/6
  3039 | D:4      | Found a runed translucent door.
  3044 | D:4      | Noticed qw's ghost (amateur GrFi)
  3076 | D:4      | Found a transporter.
  3290 | D:4      | Found a transporter.
  3365 | D:4      | Found a staircase to the Ecumenical Temple.
  3366 | D:4      | 3366 ||| PLANNING TEMPLE
  3366 | D:4      | 3366 ||| UPGRADING to +2 hat.
  3371 | D:4      | 3371 ||| READING 4 scrolls of identify.
  3371 | D:4      | 3371 ||| IDENTIFYING fizzy red potion
  3372 | D:4      | 3372 ||| DRINKING potion of experience.
  3372 | D:4      | Reached skill level 12 in Axes
  3372 | D:4      | Reached XP level 7. HP: 43/43 MP: 7/7
  3373 | D:4      | 3373 ||| READING 3 scrolls of identify.
  3373 | D:4      | 3373 ||| IDENTIFYING fizzy purple potion
  3374 | D:4      | 3374 ||| READING 2 scrolls of identify.
  3374 | D:4      | 3374 ||| IDENTIFYING green potion
  3383 | Temple   | Entered the Ecumenical Temple
  3394 | Temple   | 3394 ||| PLANNING OKAWARU WORSHIP
  3550 | Temple   | Became a worshipper of Warmaster Okawaru
  3551 | Temple   | 3551 ||| PLANNING D:1-11
  3722 | D:4      | 3722 ||| DROPPING +2 pair of gloves.
  3740 | D:5      | Entered Level 5 of the Dungeon
  3767 | D:5      | 3767 ||| Stepping ~*~*~tactically~*~*~ (stealth).
  3836 | D:5      | Reached XP level 8. HP: 48/48 MP: 8/8
  3883 | D:5      | Found a sacrificial altar of Ru.
  3978 | D:5      | 3978 ||| Stepping ~*~*~tactically~*~*~ (stealth).
  3979 | D:5      | 3979 ||| Stepping ~*~*~tactically~*~*~ (stealth).
  3983 | D:5      | Reached skill level 1 in Throwing
  4176 | D:5      | 4176 ||| Stepping ~*~*~tactically~*~*~ (stealth).
  4349 | D:5      | Reached * piety under Okawaru
  4642 | D:5      | 4642 ||| READING scroll labelled SIAZICS LILUT.
  4643 | D:5      | 4643 ||| READING scroll labelled AVEUKU JA UZOFU.
  4644 | D:5      | 4644 ||| READING scroll labelled BYSISM FOGHEM.
  4732 | D:6      | Reached skill level 1 in Invocations
  4784 | D:6      | Found a runed translucent door.
  4785 | D:6      | Noticed Crazy Yiuf
  4895 | D:6      | 4895 ||| Stepping ~*~*~tactically~*~*~ (hiding).
  4897 | D:6      | 4897 ||| Stepping ~*~*~tactically~*~*~ (hiding).
  4899 | D:6      | 4899 ||| Stepping ~*~*~tactically~*~*~ (hiding).
  5108 | D:6      | Noticed Edmund
  5109 | D:6      | 5109 ||| INVOKING Heroism.
  5110 | D:6      | 5110 ||| INVOKING Heroism.
  5116 | D:6      | Noticed Blork the orc
  5117 | D:6      | 5117 ||| Stepping ~*~*~tactically~*~*~ (stealth).
  5119 | D:6      | 5119 ||| Stepping ~*~*~tactically~*~*~ (stealth).
  5122 | D:6      | Killed Edmund
  5123 | D:6      | Reached skill level 6 in Fighting
  5123 | D:6      | Reached XP level 9. HP: 55/55 MP: 7/10
  5129 | D:6      | 5129 ||| INVOKING Heroism.
  5130 | D:6      | 5130 ||| Stepping ~*~*~tactically~*~*~ (stealth).
  5136 | D:6      | Killed Blork the orc
  5170 | D:6      | 5170 ||| DROPPING +0 flail.
  5296 | D:6      | 5296 ||| UPGRADING to +0 chain mail.
  5306 | D:6      | 5306 ||| DROPPING +0 scale mail.
  5307 | D:6      | 5307 ||| DROPPING +6 ring of intelligence.
  5308 | D:6      | 5308 ||| READING scroll labelled ZEAZ VUCATAUR.
  5309 | D:6      | 5309 ||| DRINKING 2 ruby potions.
  5310 | D:6      | 5310 ||| READING 3 scrolls of identify.
  5310 | D:6      | 5310 ||| IDENTIFYING glowing puce potion
  5311 | D:6      | 5311 ||| READING 2 scrolls of identify.
  5311 | D:6      | 5311 ||| IDENTIFYING red potion
  5312 | D:6      | 5312 ||| DROPPING potion of flight.
  5313 | D:6      | 5313 ||| DROPPING potion of brilliance.
  5336 | D:7      | 5336 ||| STAIRDANCE
  5385 | D:7      | 5385 ||| INVOKING Heroism.
  5449 | D:7      | Noticed Pikel
  5450 | D:7      | 5450 ||| INVOKING Heroism.
  5461 | D:7      | Killed Pikel
  5461 | D:7      | Reached ** piety under Okawaru
  5462 | D:7      | Reached skill level 3 in Invocations
  5510 | D:7      | 5510 ||| Stepping ~*~*~tactically~*~*~ (stealth).
  5513 | D:7      | 5513 ||| Stepping ~*~*~tactically~*~*~ (stealth).
  5514 | D:7      | 5514 ||| Stepping ~*~*~tactically~*~*~ (stealth).
  5515 | D:7      | 5515 ||| INVOKING Heroism.
  5638 | D:7      | 5638 ||| INVOKING Heroism.
  5651 | D:7      | 5651 ||| Stepping ~*~*~tactically~*~*~ (stealth).
  5660 | D:7      | 5660 ||| Stepping ~*~*~tactically~*~*~ (hiding).
  5665 | D:7      | 5665 ||| INVOKING Heroism.
  5680 | D:7      | 5680 ||| Stepping ~*~*~tactically~*~*~ (stealth).
  5681 | D:7      | 5681 ||| Stepping ~*~*~tactically~*~*~ (stealth).
  5685 | D:7      | 5685 ||| Stepping ~*~*~tactically~*~*~ (stealth).
  5715 | D:7      | 5715 ||| INVOKING Heroism.
  5716 | D:7      | 5716 ||| DRINKING 2 potions of curing.
  5716 | D:7      | 5716 ||| (to cure confusion)
  5848 | D:7      | 5848 ||| INVOKING Heroism.
  6044 | D:7      | 6044 ||| UPGRADING to amulet of reflection.
  6054 | D:7      | 6054 ||| DROPPING amulet of regeneration.
  6204 | D:8      | 6204 ||| Stepping ~*~*~tactically~*~*~ (hiding).
  6208 | D:8      | 6208 ||| INVOKING Heroism.
  6211 | D:8      | 6211 ||| Stepping ~*~*~tactically~*~*~ (hiding).
  6296 | D:8      | 6296 ||| INVOKING Heroism.
  6340 | D:8      | 6340 ||| READING scroll of enchant armour.
  6340 | D:8      | 6340 ||| ENCHANTING +0 pair of boots.
  6573 | D:8      | 6573 ||| DRINKING potion of curing.
  6573 | D:8      | 6573 ||| (to cure confusion)
  6578 | D:8      | 6578 ||| INVOKING Heroism.
  6583 | D:8      | Reached XP level 10. HP: 61/61 MP: 10/13
  7143 | D:8      | 7143 ||| FLEEEEING.
  7144 | D:8      | 7144 ||| FLEEEEING.
  7145 | D:8      | 7145 ||| FLEEEEING.
  7146 | D:8      | 7146 ||| FLEEEEING.
  7357 | D:8      | Noticed an eight-headed hydra
  7358 | D:8      | 7358 ||| INVOKING Heroism.
  7363 | D:8      | 7363 ||| SWAPPING to +1 flail of draining.
  7373 | D:8      | Killed an eight-headed hydra
  7373 | D:8      | Reached *** piety under Okawaru
  7374 | D:8      | Reached skill level 6 in Armour
  7374 | D:8      | 7374 ||| SWAPPING to +0 war axe of draining.
  7464 | D:8      | 7464 ||| READING 5 scrolls of identify.
  7464 | D:8      | 7464 ||| IDENTIFYING fizzy green potion
  7466 | D:8      | 7466 ||| DROPPING potion of ambrosia.
  7522 | D:9      | 7522 ||| Stepping ~*~*~tactically~*~*~ (stealth).
  7524 | D:9      | 7524 ||| INVOKING Heroism.
  7527 | D:9      | Received a gift from Okawaru
  7614 | D:9      | Noticed a gargoyle
  7628 | D:9      | Killed a gargoyle
  7705 | D:9      | 7705 ||| Stepping ~*~*~tactically~*~*~ (stealth).
  7707 | D:9      | 7707 ||| Stepping ~*~*~tactically~*~*~ (hiding).
  7712 | D:9      | 7712 ||| Stepping ~*~*~tactically~*~*~ (hiding).
  7713 | D:9      | 7713 ||| Stepping ~*~*~tactically~*~*~ (hiding).
  7715 | D:9      | 7715 ||| INVOKING Heroism.
  7723 | D:9      | 7723 ||| Stepping ~*~*~tactically~*~*~ (stealth).
  7741 | D:9      | 7741 ||| Stepping ~*~*~tactically~*~*~ (stealth).
  7746 | D:9      | 7746 ||| Stepping ~*~*~tactically~*~*~ (stealth).
  7747 | D:9      | 7747 ||| Stepping ~*~*~tactically~*~*~ (stealth).
  7759 | D:9      | 7759 ||| Stepping ~*~*~tactically~*~*~ (hiding).
  7762 | D:9      | 7762 ||| INVOKING Heroism.
  7775 | D:9      | 7775 ||| Stepping ~*~*~tactically~*~*~ (hiding).
  7794 | D:9      | 7794 ||| Stepping ~*~*~tactically~*~*~ (stealth).
  7800 | D:9      | Found a staircase to the Orcish Mines.
  7807 | D:9      | 7807 ||| Stepping ~*~*~tactically~*~*~ (stealth).
  7810 | D:9      | 7810 ||| Stepping ~*~*~tactically~*~*~ (stealth).
  7815 | D:9      | 7815 ||| INVOKING Heroism.
  7847 | D:9      | 7847 ||| Stepping ~*~*~tactically~*~*~ (stealth).
  7848 | D:9      | 7848 ||| Stepping ~*~*~tactically~*~*~ (stealth).
  7869 | D:9      | 7869 ||| Stepping ~*~*~tactically~*~*~ (hiding).
  7872 | D:9      | 7872 ||| INVOKING Heroism.
  7882 | D:9      | 7882 ||| Stepping ~*~*~tactically~*~*~ (stealth).
  7902 | D:9      | 7902 ||| Stepping ~*~*~tactically~*~*~ (stealth).
  7923 | D:9      | 7923 ||| INVOKING Heroism.
  8044 | D:9      | Noticed a two-headed ogre
  8045 | D:9      | 8045 ||| INVOKING Heroism.
  8050 | D:9      | Killed a two-headed ogre
  8050 | D:9      | Reached **** piety under Okawaru
  8094 | D:9      | Reached XP level 11. HP: 68/68 MP: 14/14
  8135 | D:9      | Found Kuqupo's Antique Weapon Shop.
  8148 | D:9      | 8148 ||| BUYING glowing morningstar (210 gold).
  8148 | D:9      | Bought a glowing morningstar for 210 gold pieces
  8148 | D:9      | 8148 ||| BUYING runed hand axe (180 gold).
  8148 | D:9      | Bought a runed hand axe for 180 gold pieces
  8148 | D:9      | 8148 ||| SHOPLISTING scorched hand axe (240 gold, have
                  | 219).
  8148 | D:9      | 8148 ||| DROPPING +2 vorpal hand axe.
  8149 | D:9      | 8149 ||| DROPPING +1 flail of draining.
  8514 | D:9      | 8514 ||| UPGRADING to +0 plate armour.
  8524 | D:9      | 8524 ||| DROPPING +0 chain mail.
  8569 | D:10     | Entered Level 10 of the Dungeon
  8570 | D:10     | 8570 ||| INVOKING Heroism.
  8572 | D:10     | 8572 ||| STAIRDANCE
  8588 | D:10     | 8588 ||| STAIRDANCE
  8609 | D:10     | 8609 ||| STAIRDANCE
  8617 | D:10     | 8617 ||| STAIRDANCE
  8628 | D:9      | Reached skill level 3 in Throwing
  8651 | D:10     | 8651 ||| STAIRDANCE
  8681 | D:10     | Reached ***** piety under Okawaru
  8768 | D:10     | Found a staircase to the Lair.
  8817 | D:10     | Found a shimmering blue altar of Sif Muna.
  8837 | D:10     | 8837 ||| Stepping ~*~*~tactically~*~*~ (stealth).
  8838 | D:10     | 8838 ||| Stepping ~*~*~tactically~*~*~ (stealth).
  8839 | D:10     | 8839 ||| Stepping ~*~*~tactically~*~*~ (stealth).
  8840 | D:10     | 8840 ||| Stepping ~*~*~tactically~*~*~ (stealth).
  8888 | D:10     | 8888 ||| DRINKING potion of curing.
  8888 | D:10     | 8888 ||| (to cure confusion)
  8895 | D:10     | Reached skill level 6 in Invocations
  8986 | D:10     | 8986 ||| Stepping ~*~*~tactically~*~*~ (hiding).
  9160 | D:10     | 9160 ||| Stepping ~*~*~tactically~*~*~ (stealth).
  9163 | D:10     | 9163 ||| INVOKING Heroism.
  9299 | D:10     | 9299 ||| Stepping ~*~*~tactically~*~*~ (hiding).
  9528 | D:10     | 9528 ||| Stepping ~*~*~tactically~*~*~ (stealth).
  9681 | D:10     | Found a snail-covered altar of Cheibriados.
  9682 | D:10     | Found a sparkling altar of Nemelex Xobeh.
  9696 | D:10     | 9696 ||| PLANNING LAIR
  9696 | D:10     | 9696 ||| READING 7 scrolls of identify.
  9696 | D:10     | 9696 ||| IDENTIFYING purple potion
  9718 | Lair:1   | Entered Level 1 of the Lair of Beasts
  9772 | Lair:1   | 9772 ||| INVOKING Heroism.
  9888 | Lair:1   | 9888 ||| INVOKING Heroism.
 10146 | Lair:1   | 10146 ||| READING scroll labelled ESIZOATUNUT.
 10185 | Lair:2   | 10185 ||| INVOKING Heroism.
 10201 | Lair:2   | 10201 ||| Stepping ~*~*~tactically~*~*~ (stealth).
 10211 | Lair:2   | 10211 ||| FLEEEEING.
 10212 | Lair:2   | 10212 ||| FLEEEEING.
 10213 | Lair:2   | 10213 ||| FLEEEEING.
 10214 | Lair:2   | 10214 ||| FLEEEEING.
 10215 | Lair:2   | 10215 ||| STAIRDANCE
 10262 | Lair:2   | Reached skill level 9 in Fighting
 10262 | Lair:2   | 10262 ||| Stepping ~*~*~tactically~*~*~ (stealth).
 10269 | Lair:2   | 10269 ||| Stepping ~*~*~tactically~*~*~ (stealth).
 10356 | Lair:2   | 10356 ||| Stepping ~*~*~tactically~*~*~ (stealth).
 10376 | Lair:2   | 10376 ||| READING scroll of enchant armour.
 10376 | Lair:2   | 10376 ||| ENCHANTING +1 pair of boots.
 10437 | Lair:2   | 10437 ||| INVOKING Heroism.
 10449 | Lair:2   | Received a gift from Okawaru
 10466 | Lair:2   | Reached XP level 12. HP: 58/76 MP: 18/18
 10472 | Lair:2   | 10472 ||| INVOKING Heroism.
 10777 | Lair:2   | 10777 ||| INVOKING Heroism.
 10805 | Lair:2   | Reached skill level 9 in Armour
 10813 | Lair:2   | 10813 ||| INVOKING Heroism.
 10813 | Lair:2   | HP: 13/76 [killer bee (9)]
 10814 | Lair:2   | 10814 ||| READING 6 scrolls of teleportation.
 10815 | Lair:2   | 10815 ||| DRINKING 2 potions of heal wounds.
 10817 | Lair:2   | Noticed Amaemon
 10817 | Lair:2   | Noticed a four-headed hydra
 10818 | Lair:2   | 10818 ||| INVOKING Finesse.
 10823 | Lair:2   | Reached skill level 9 in Invocations
 10823 | Lair:2   | 10823 ||| SWAPPING to +4 morningstar of flaming.
 10830 | Lair:2   | Killed a four-headed hydra
 10830 | Lair:2   | Identified the +4 scimitar of Vasantoq {holy, MP+9 Str+3}
                  | (Okawaru gifted it to you on level 2 of the Lair of Beasts)
 10830 | Lair:2   | Received a gift from Okawaru
 10831 | Lair:2   | Reached skill level 6 in Shields
 10831 | Lair:2   | 10831 ||| SWAPPING to +1 war axe of draining.
 10840 | Lair:2   | Killed Amaemon
 10911 | Lair:2   | 10911 ||| INVOKING Heroism.
 10992 | Lair:2   | 10992 ||| Stepping ~*~*~tactically~*~*~ (stealth).
 10993 | Lair:2   | 10993 ||| Stepping ~*~*~tactically~*~*~ (stealth).
 11066 | Lair:2   | 11066 ||| DROPPING +4 morningstar of flaming.
 11155 | Lair:2   | 11155 ||| INVOKING Heroism.
 11229 | Lair:2   | Reached ****** piety under Okawaru
 11242 | Lair:2   | 11242 ||| INVOKING Heroism.
 11243 | Lair:2   | 11243 ||| INVOKING Finesse.
 11257 | Lair:2   | 11257 ||| FLEEEEING.
 11258 | Lair:2   | 11258 ||| FLEEEEING.
 11268 | Lair:2   | 11268 ||| STAIRDANCE
 11416 | Lair:1   | 11416 ||| READING 7 scrolls of identify.
 11416 | Lair:1   | 11416 ||| IDENTIFYING dark potion
 11482 | Lair:2   | 11482 ||| INVOKING Heroism.
 11483 | Lair:2   | 11483 ||| INVOKING Finesse.
 11501 | Lair:2   | 11501 ||| FLEEEEING.
 11511 | Lair:2   | 11511 ||| STAIRDANCE
 11672 | Lair:2   | 11672 ||| INVOKING Heroism.
 11673 | Lair:2   | 11673 ||| INVOKING Finesse.
 11688 | Lair:2   | 11688 ||| FLEEEEING.
 11698 | Lair:2   | 11698 ||| STAIRDANCE
 11853 | Lair:2   | 11853 ||| INVOKING Heroism.
 11854 | Lair:2   | 11854 ||| INVOKING Finesse.
 11869 | Lair:2   | 11869 ||| FLEEEEING.
 11879 | Lair:2   | 11879 ||| STAIRDANCE
 11938 | Lair:2   | 11938 ||| INVOKING Heroism.
 11939 | Lair:2   | 11939 ||| INVOKING Finesse.
 11949 | Lair:2   | 11949 ||| Stepping ~*~*~tactically~*~*~ (stealth).
 11988 | Lair:2   | 11988 ||| Stepping ~*~*~tactically~*~*~ (stealth).
 12051 | Lair:2   | 12051 ||| INVOKING Heroism.
 12052 | Lair:2   | 12052 ||| INVOKING Finesse.
 12058 | Lair:2   | 12058 ||| FLEEEEING.
 12059 | Lair:2   | 12059 ||| FLEEEEING.
 12069 | Lair:2   | 12069 ||| STAIRDANCE
 12109 | Lair:2   | 12109 ||| FLEEEEING.
 12117 | Lair:2   | 12117 ||| FLEEEEING.
 12118 | Lair:2   | 12118 ||| FLEEEEING.
 12119 | Lair:2   | 12119 ||| STAIRDANCE
 12235 | Lair:2   | 12235 ||| INVOKING Heroism.
 12236 | Lair:2   | 12236 ||| INVOKING Finesse.
 12242 | Lair:2   | 12242 ||| FLEEEEING.
 12252 | Lair:2   | 12252 ||| STAIRDANCE
 12290 | Lair:2   | 12290 ||| INVOKING Heroism.
 12301 | Lair:2   | 12301 ||| FLEEEEING.
 12311 | Lair:2   | 12311 ||| STAIRDANCE
 12515 | Lair:2   | 12515 ||| INVOKING Heroism.
 12536 | Lair:2   | 12536 ||| FLEEEEING.
 12546 | Lair:2   | 12546 ||| STAIRDANCE
 12728 | Lair:2   | 12728 ||| INVOKING Heroism.
 12730 | Lair:2   | 12730 ||| FLEEEEING.
 12740 | Lair:2   | 12740 ||| STAIRDANCE
 12779 | Lair:2   | 12779 ||| INVOKING Heroism.
 12787 | Lair:2   | HP: 9/77 [oklob plant/splash of acid (22)]
 12788 | Lair:2   | 12788 ||| READING 5 scrolls of teleportation.
 12788 | Lair:2   | Killed from afar by an oklob plant

Levels and vault maps discovered:
D:1:      lightli_arrival_boilingwater, layout_basic, basic_ecumenical_altar,
          minmay_worlds_worst_comb
D:2:      layout_loops_ring
D:3:      layout_loops_ring, portal_sewer_entry_e, serial_forest,
          infiniplex_forest_lined_ring, infiniplex_forest_end_3,
          infiniplex_forest_lined_2, infiniplex_forest_lined_3,
          infiniplex_forest_zigzag_1
D:4:      gammafunk_steamed_eel, layout_loops_ring, lemuel_temple_firewalk_b,
          gammafunk_ghost_grave, st_stairs_8
D:5:      layout_loops_corners, mainiacjoe_overflow_surrounded_room
D:6:      layout_rooms, uniq_blork_the_orc, uniq_edmund, uniq_crazy_yiuf_cottage
D:7:      layout_basic, serial_undead, serial_undead_f, serial_undead_f,
          serial_undead_c, serial_undead_c, uniq_pikel
D:8:      kennysheep_big_flooded_room, layout_basic
D:9:      layout_long_grid, hiddenorc2_lemuel, serial_shops, shop
D:10:     layout_loops_ring, gammafunk_temple_overflow_pools,
          mainiacjoe_overflow_paths, minmay_lair_entry_grove, dk_vineyard_1
Temple:   nicolae_temple_bog_church
Lair:1:   layout_big_grid
Lair:2:   regret_index_harrowing_hell_hive, layout_concentric_octagons,
          minmay_shoals_entry_hut, nicolae_spider_entry_orb_guardian,
          special_room [special_room_bee], uniq_amaemon

Skill      XL: |  1  2  3  4  5  6  7  8  9 10 11 12 |
---------------+-------------------------------------+-----
Axes           | 2 3 4 5 12 | 12.7
Dodging        | 1 2 |  2.4
Fighting       | 4 6 8 9 10 | 10.0
Throwing       | 1 2 3 |  3.0
Invocations    | 1 4 8 10 | 10.0
Armour         | 5 6 8 9 |  9.0
Shields        | 4 5 6 |  6.2

Action                   |  1- 3 |  4- 6 |  7- 9 | 10-12 || total
-------------------------+-------+-------+-------+-------++-------
Melee: War axe           |   135 |   204 |   197 |   497 ||  1033
       Flail             |       |       |       |     9 ||     9
       Morningstar       |       |       |       |     7 ||     7
Throw: Boomerang         |       |     2 |    27 |    48 ||    77
       Javelin           |       |       |       |    26 ||    26
Invok: Heroism           |       |       |    12 |    30 ||    42
       Finesse           |       |       |       |     8 ||     8
  Use: Scroll            |     4 |     9 |     9 |     7 ||    29
       Potion            |       |     3 |     3 |     2 ||     8
Armor: Scale mail        |    82 |    66 |    20 |       ||   168
       Chain mail        |       |       |    31 |    47 ||    78
       Plate armour      |       |       |       |   183 ||   183
Dodge: Dodged            |    61 |   137 |    93 |   249 ||   540
Block: Buckler           |    27 |    31 |    36 |   254 ||   348
       Reflection        |       |       |       |    12 ||    12

Table legend:
 A = Non-vault XP
 B = Vault XP
 C = Vault XP percentage of total XP
 D = Non-vault monster count
 E = Vault monster count
 F = Vault count percentage of total count
                 A         B        C        D         E       F
            +---------+---------+-------+---------+---------+-------
      Total |   15865 |    9657 |  37.8 |     220 |     111 |  33.5
            +---------+---------+-------+---------+---------+-------
        D:1 |      54 |       6 |  10.0 |      26 |       3 |  10.3
        D:2 |      69 |       0 |   0.0 |      20 |       0 |   0.0
        D:3 |      52 |      33 |  38.8 |      16 |       8 |  33.3
        D:4 |     376 |       2 |   0.5 |      28 |       1 |   3.4
        D:5 |     942 |       0 |   0.0 |      16 |       0 |   0.0
        D:6 |     224 |     270 |  54.7 |       7 |       2 |  22.2
        D:7 |    1062 |     806 |  43.1 |      29 |       5 |  14.7
        D:8 |     496 |     965 |  66.1 |      16 |       2 |  11.1
        D:9 |    3720 |    2332 |  38.5 |      22 |      43 |  66.2
       D:10 |    1934 |     189 |   8.9 |      11 |       1 |   8.3
     Lair:1 |     845 |       0 |   0.0 |       2 |       0 |   0.0
     Lair:2 |    6091 |    5054 |  45.3 |      27 |      46 |  63.0
            +---------+---------+-------+---------+---------+-------
